 Dungeon Crawl Stone Soup version 0.21.1-1-g345015f (webtiles) character file.

148463 microfolk the Fencer (level 16, -4/155 HPs)
             Began as a Minotaur Abyssal Knight on May 30, 2018.
             Was an Elder of Lugonu.
             Killed by angry trees
             ... awakened by a spriggan druid
              (12 damage)
             ... on level 3 of the Swamp.
             The game lasted 01:41:47 (51010 turns).

microfolk the Fencer (Minotaur Abyssal Knight)     Turns: 51010, Time: 01:41:47

Health: -4/155     AC: 23    Str: 23    XL:     16   Next: 94%
Magic:  20/24      EV: 15    Int: 10    God:    Lugonu [****..]
Gold:   2462       SH:  0    Dex: 14    Spells: 13/15 levels left

rFire    + . .     SeeInvis .   a - +0 great sword
rCold    . . .     Gourm    .   (shield currently unavailable)
rNeg     . . .     Faith    .   K - +0 chain mail "Kafuymma" {rPois}
rPois    +         Spirit   .   (helmet restricted)
rElec    +         Reflect  .   (no cloak)
rCorr    .         Harm     .   (no gloves)
MR       ++...                  l - +1 pair of boots
Stlth    ..........             (no amulet)
HPRegen  0.35/turn              b - ring "Gucuttu" {rElec rF+ MR+ AC+2 Dex+4}
MPRegen  0.19/turn              t - +5 ring of protection

@: no status effects
A: retaliatory headbutt, horns 2
a: Depart the Abyss, Bend Space, Banish, Corrupt, Renounce Religion


You were on level 3 of the Swamp.
You worshipped Lugonu.
Lugonu was greatly pleased with you.
You were very hungry.

You visited 5 branches of the dungeon, and saw 28 of its levels.
You visited the Abyss 1 time.
You also visited: Sewer and Ice Cave.

You collected 3119 gold pieces.
You spent 657 gold pieces at shops.

Inventory:

Hand Weapons
 a - a +0 great sword (weapon)
 Y - a +4 scimitar
Missiles
 h - 184 stones (quivered)
Armour
 l - a +1 pair of boots (worn)
 K - the +0 chain mail "Kafuymma" (worn) {rPois}
   (You found it on level 3 of the Lair of Beasts)

   It protects you from poison.
Jewellery
 b - the ring "Gucuttu" (left hand) {rElec rF+ MR+ AC+2 Dex+4}
   (You bought it in a shop on level 2 of the Orcish Mines)

   [ring of protection]

   It affects your AC (+2).
   It affects your dexterity (+4).
   It protects you from fire.
   It insulates you from electricity.
   It affects your resistance to hostile enchantments.
 i - an uncursed ring of resist corrosion
 r - an uncursed ring of protection from cold
 t - a +5 ring of protection (right hand)
 H - an uncursed ring of positive energy
 Z - the ring of Untruth {Ice Str+2 Int+4}
   (You found it on level 6 of the Lair of Beasts)

   [ring of ice]

   It enhances your ice magic.
   It affects your strength (+2).
   It affects your intelligence (+4).
   It makes you vulnerable to fire.
   It protects you from cold.
Wands
 g - a wand of iceblast (8)
 v - a wand of acid (9)
 w - a wand of random effects (46)
 F - a wand of disintegration (15)
 L - a wand of enslavement (48)
 N - a wand of paralysis (17)
 Q - a wand of scattershot (7)
 V - a wand of polymorph (20)
 W - a wand of clouds (8)
Scrolls
 d - 14 scrolls of remove curse {@r2}
 e - 6 scrolls of amnesia
 f - 8 scrolls of enchant armour
 m - 2 scrolls of identify {@r1}
 o - 6 scrolls of teleportation
 y - 4 scrolls of fear
 D - a scroll of immolation
 E - a scroll of blinking
 I - a scroll of noise {unknown}
 J - 2 scrolls of enchant weapon
 R - a scroll of silence {unknown}
 X - a scroll of fog
Potions
 k - 12 potions of curing {@q1}
 n - 9 potions of flight
 p - 2 potions of agility
 s - 4 potions of mutation
 z - a potion of might
 A - 2 potions of invisibility
 B - 2 potions of cancellation
 C - 2 potions of lignification
 M - 2 potions of ambrosia
 O - a potion of resistance
 S - 3 potions of haste
Miscellaneous
 u - a phantom mirror
Comestibles
 c - 27 rations


   Skills:
 + Level 17.0 Fighting
 - Level 20.0 Long Blades
 + Level 15.1 Armour
 + Level 11.4 Dodging
 * Level 12.9 Invocations


You had 13 spell levels left.
You knew the following spells:

 Your Spells              Type           Power        Failure   Level  Hunger
a - Apportation           Tloc           #.....       86%         1    ##.....
b - Summon Butterflies    Summ           #.......     86%         1    ##.....


Dungeon Overview and Level Annotations

Branches:
Dungeon (15/15)            Temple (1/1) D:6            Lair (6/6) D:11
  Swamp (4/4) Lair:4       Spider (0/4) Lair:2        Slime (0/5) Lair:5
    Orc (2/2) D:10            Elf (0/3) Orc:2        Vaults (0/5) D:14
 Depths (0/5) D:15

Altars:
Ashenzari
Cheibriados
Dithmenos
Elyvilon
Fedhas
Gozag
Hepliaklqana
Kikubaaqudgha
Makhleb
Nemelex Xobeh
Okawaru
Qazlal
Ru
Sif Muna
Trog
Uskayaw
Vehumet
Wu Jian
Xom
Yredelemnul
Zin
The Shining One
Jiyva

Shops:
D:11 [   D:13 =   Orc:2 }(=%=

Portals:
Trove: D:14 (show slimy rune of Zot)

Annotations:
D:1 exclusion: downstairs
D:9 4 runed doors
D:13 exclusions: ice statue and orange crystal statue
D:14 exclusion: downstairs
D:15 exclusion: Roxanne, Roxanne
Lair:1 exclusion: 2 oklob plants
Lair:4 exclusion: downstairs
Lair:5 2 runed doors, exclusion: oklob plant
Swamp:3 Bai Suzhen
Abyss:1 Grinder


Innate Abilities, Weirdness & Mutations

You reflexively headbutt those who attack you in melee.
You have a pair of horns on your head.


Message History

The alligator closely misses you. You furiously retaliate!
You headbutt the alligator! The alligator misses you.
The spriggan druid closely misses you.
You riposte.
You slash the spriggan druid!
The spriggan druid is moderately wounded.
You hit the spriggan druid.
The spriggan druid is moderately wounded.
Trunks creak and shift.
A tree reaches out and hits you!
* * * LOW HITPOINT WARNING * * *
The alligator bites you!!
* * * LOW HITPOINT WARNING * * *
The alligator closely misses you.
The spriggan druid hits you but does no damage.
Press: ? - help, Shift-Dir - straight line, f - alligator
Aim: an alligator (moderately wounded, covering ground quickly, chance to defeat MR: 76%)
The alligator is devoured by a tear in reality.
Lugonu claims a new guest.
You feel somewhat more hungry.
You are hit by a branch!
You die...

♣♣♣....♣≈♣♣♣♣♣ ♣♣♣≈..♣.♣♣ ♣♣
♣♣..≈§≈♣≈≈≈♣♣≈♣♣ ♣♣......≈.♣♣♣♣≈
♣.§.≈.♣≈≈≈≈≈♣≈≈♣♣ ♣≈....≈♣...≈.≈≈
≈.≈≈..≈≈≈≈≈≈≈...♣♣♣♣.≈≈.§...≈≈≈≈≈
...≈.≈♣≈≈≈≈≈..≈≈≈.♣♣........≈≈≈≈≈
.§..♣♣♣♣≈≈≈♣.≈≈≈≈.♣♣........≈≈≈≈≈
.≈..♣.≈≈≈≈♣..≈.≈♣♣♣♣.......≈..≈.≈
..≈♣.≈."≈.≈≈♣♣♣§§♣ ♣♣............
....≈≈♣♣.≈..♣♣.i@♣ ♣♣♣♣....≈.≈♣♣
≈≈≈≈§≈.♣..≈♣♣.≈≈.♣♣♣♣♣♣♣.....≈.≈.
≈≈≈≈≈≈.≈♣≈♣≈.≈≈≈≈♣♣.♣..♣........≈
≈8≈.≈≈....≈≈≈≈≈≈.♣≈...........≈≈.
..#♣.≈≈≈≈≈≈≈.§.≈♣♣...........≈.≈≈
####≈≈≈≈≈≈≈≈....♣♣≈......♣...≈≈≈≈
≈#♣≈.≈≈≈≈≈≈≈≈≈♣♣♣≈≈....♣♣♣♣♣≈♣≈≈≈
..#≈≈..≈≈.≈§≈.≈♣♣.....♣♣ ♣♣♣≈≈≈
..≈≈8......≈....♣.≈....♣♣♣♣ ♣≈≈≈


You could see a spriggan druid.

Vanquished Creatures
  A tentacled monstrosity (Swamp:1)
  Frances (D:14)
  Kirke (D:14)
  A frost giant (IceCv)
  Nessos (Lair:5)
  Azrael (D:14)
  A yaktaur captain (D:15)
  A merfolk avatar (Lair:6)
  4 centaur warriors
  A vault guard (D:14)
  6 alligators
  A catoblepas (D:15)
  9 two-headed ogres
  15 death yaks
  3 tengu warriors
  2 ogre magi (Orc:2)
  The ghost of Britaniac the Fighter, a novice OgTm of Okawaru (Lair:1)
  Urug (Lair:4)
  An orc high priest (Orc:1)
  6 spriggans
  9 skeletal warriors
  An iron troll (D:14)
  2 deep trolls
  An unseen horror (D:15)
  A spriggan druid (Swamp:2)
  2 shambling mangroves
  A harpy (Lair:6)
  8 swamp dragons
  2 oklob plants (Lair:1)
  3 manticores
  3 deep elf magi (D:14)
  2 ugly things
  5 cyclopes
  5 elephants (Lair:6)
  A moth of wrath (shapeshifter) (D:14)
  An ice statue (IceCv)
  4 black mambas
  26 spiny frogs
  5 gargoyles
  A torpor snail (Lair:6)
  A yaktaur (D:15)
  4 rime drakes
  2 kobold demonologists (D:15)
  5 freezing wraiths
  10 komodo dragons
  19 polar bears
  17 trolls
  A jumping spider (Lair:2)
  4 tyrant leeches
  17 slime creatures
  29 blink frogs
  A wind drake (Lair:6)
  A bog body (Swamp:2)
  13 hornets
  6 hippogriffs
  A shadow (D:14)
  4 wraiths
  2 redbacks (Lair:2)
  4 basilisks
  3 wyverns
  81 yaks
  Eustachio (D:6)
  3 hogs (D:14)
  18 vampire mosquitoes
  A steam dragon (D:8)
  3 fire elementals (D:14)
  A hungry ghost (D:15)
  14 swamp worms
  5 wargs
  An acid dragon (D:11)
  5 hell hounds (D:14)
  Duvessa (D:6)
  8 porcupines
  11 water moccasins
  11 swamp drakes
  24 orc warriors
  2 ice beasts (D:10)
  3 phantoms
  6 sky beasts
  25 ogres
  A necrophage (D:8)
  24 wolves
  16 centaurs
  An eye of draining (D:10)
  11 crocodiles
  4 big kobolds
  12 bullfrogs
  A wyvern zombie (D:11)
  Dowan (D:6)
  9 scorpions
  6 killer bees (D:11)
  8 wights
  9 howler monkeys
  2 electric eels (Lair:3)
  4 crimson imps
  A quasit (D:10)
  7 hounds
  5 jellies
  14 orc priests
  5 bullfrog skeletons
  4 centaur skeletons
  10 iguanas
  28 orc wizards
  6 worker ants
  A hound zombie (D:7)
  A hound skeleton (D:4)
  2 gnolls (D:7)
  A worker ant zombie (D:10)
  16 adders
  A river rat (Sewer)
  5 shadow imps
  An adder skeleton (D:7)
  3 worms
  8 leopard geckos
  94 orcs
  A ball python (D:7)
  8 bats
  3 giant cockroaches
  7 goblins
  12 hobgoblins
  6 jackals
  2 quokkas
  4 frilled lizards
  A jackal skeleton (D:4)
  15 kobolds
  A leopard gecko zombie (D:7)
  A quokka skeleton (D:4)
  4 rats
  A bush (Lair:1)
897 creatures vanquished.

Vanquished Creatures (collateral kills)
  A death yak (Lair:5)
  A komodo dragon (Lair:5)
  A yak (Lair:5)
  A wolf (Lair:5)
4 creatures vanquished.

Vanquished Creatures (others)
  The ghost of microfolk the Slicer, an adept KoBe of Trog (Orc:2)
  An ettin (D:14)
  21 hydras
  A death knight (D:11)
  A two-headed ogre (D:9)
  An alligator (Swamp:3)
  A slime creature (Swamp:1)
  A deep elf knight (D:14)
  An unseen horror (D:11)
  A spriggan (Swamp:3)
  A yak (IceCv)
  A crimson imp (D:15)
  26 fungi
  35 plants
  15 toadstools
108 creatures vanquished.

Grand Total: 1009 creatures vanquished

Notes
Turn   | Place    | Note
-------+----------+-------------------------------------------
     0 | Abyss:1  | microfolk the Minotaur Abyssal Knight began the quest for the Orb.
     0 | Abyss:1  | Reached XP level 1. HP: 19/19 MP: 1/1
    19 | D:1      | Escaped the Abyss
   226 | D:1      | Reached XP level 2. HP: 22/27 MP: 2/2
   525 | D:1      | Reached skill level 3 in Long Blades
  1187 | D:2      | Reached XP level 3. HP: 32/33 MP: 3/3
  1191 | D:2      | Reached ** piety under Lugonu
  1407 | D:2      | Noticed an ogre
  2305 | D:3      | Reached XP level 4. HP: 40/40 MP: 4/4
  2671 | D:3      | Found an ancient bone altar of Kikubaaqudgha.
  2671 | D:3      | Found a burning altar of Makhleb.
  2913 | D:4      | Reached skill level 4 in Long Blades
  2924 | D:4      | Found a glowing drain.
  2928 | Sewer    | Entered a sewer
  3005 | Sewer    | Noticed a big kobold
  3018 | Sewer    | Killed a big kobold
  3018 | Sewer    | Reached XP level 5. HP: 46/47 MP: 4/6
  3243 | Sewer    | Found a white marble altar of Elyvilon.
  3440 | D:4      | Reached skill level 5 in Long Blades
  3651 | D:4      | Reached *** piety under Lugonu
  3817 | D:4      | Reached XP level 6. HP: 55/55 MP: 7/7
  3850 | D:4      | Reached skill level 5 in Fighting
  4392 | D:5      | Entered Level 5 of the Dungeon
  5153 | D:2      | Reached skill level 6 in Long Blades
  5153 | D:2      | Reached XP level 7. HP: 61/61 MP: 8/8
  5735 | D:5      | Reached skill level 5 in Armour
  5978 | D:6      | Noticed Eustachio
  6023 | D:5      | Reached skill level 7 in Long Blades
  6104 | D:6      | Reached XP level 8. HP: 66/70 MP: 10/10
  6198 | D:6      | Noticed Dowan
  6204 | D:6      | Noticed Duvessa
  6582 | D:6      | Killed Eustachio
  6582 | D:6      | Reached skill level 8 in Long Blades
  6613 | D:6      | Killed Duvessa
  6842 | D:6      | Killed Dowan
  6842 | D:6      | Reached skill level 5 in Invocations
  7090 | D:6      | Noticed Grinder
  7096 | D:6      | Banished Grinder
  7189 | D:6      | Found a staircase to the Ecumenical Temple.
  7198 | Temple   | Entered the Ecumenical Temple
  7634 | D:7      | Found an opulent altar of Gozag.
  7841 | D:7      | Reached skill level 9 in Long Blades
  7972 | D:7      | Found a sacrificial altar of Ru.
  8109 | D:7      | Reached XP level 9. HP: 79/79 MP: 12/12
  8169 | D:7      | Found an iron altar of Okawaru.
  8191 | D:7      | Reached **** piety under Lugonu
  8762 | D:8      | Found a stormy altar of Qazlal.
  8993 | D:8      | Reached skill level 10 in Long Blades
  9800 | D:9      | Found a huge runed gate.
  9800 | D:9      | Found a huge runed gate.
  9801 | D:9      | Noticed a polar bear
  9802 | D:9      | Found a huge runed gate.
  9802 | D:9      | Noticed a manticore
  9802 | D:9      | Noticed a polar bear
  9802 | D:9      | Noticed a polar bear
  9803 | D:9      | Found a huge runed gate.
  9803 | D:9      | Noticed a polar bear
  9805 | D:9      | Noticed a polar bear
  9924 | D:9      | Found a shadowy altar of Dithmenos.
  9963 | D:9      | Noticed a two-headed ogre
  9977 | D:9      | Banished a two-headed ogre
 10060 | D:9      | Found a shattered altar of Ashenzari.
 10387 | D:9      | Noticed a troll
 10404 | D:9      | Killed a troll
 10404 | D:9      | Reached skill level 11 in Long Blades
 10446 | D:9      | Reached XP level 10. HP: 80/90 MP: 13/13
 10594 | D:9      | Found a burning altar of Makhleb.
 11376 | D:10     | Entered Level 10 of the Dungeon
 12035 | D:10     | Found a staircase to the Orcish Mines.
 12586 | D:10     | Reached skill level 12 in Long Blades
 12604 | D:10     | Reached ***** piety under Lugonu
 12784 | D:10     | Found a stormy altar of Qazlal.
 12890 | D:11     | Noticed a cyclops
 13213 | D:11     | Noticed a two-headed ogre
 13224 | D:11     | Killed a cyclops
 13340 | D:11     | Reached XP level 11. HP: 56/99 MP: 15/15
 13530 | D:11     | Killed a two-headed ogre
 13662 | D:11     | Reached skill level 10 in Fighting
 13905 | D:11     | Noticed a death yak
 13917 | D:11     | Noticed a death yak
 13920 | D:11     | Reached skill level 13 in Long Blades
 13921 | D:11     | Noticed a death yak
 13922 | D:11     | Noticed a death yak
 13922 | D:11     | Noticed a death yak
 13923 | D:11     | Noticed a death yak
 13923 | D:11     | Noticed a death yak
 13978 | D:10     | Killed a death yak
 14275 | D:11     | Killed a death yak
 14480 | D:10     | Killed a death yak
 14717 | D:10     | Killed a death yak
 15162 | D:10     | Found a staircase to the Orcish Mines.
 15186 | D:10     | Killed a death yak
 15404 | D:10     | Killed a death yak
 15817 | D:10     | Killed a death yak
 15817 | D:10     | Reached skill level 14 in Long Blades
 15817 | D:10     | Reached skill level 5 in Dodging
 16820 | D:11     | Noticed a death knight
 16829 | D:11     | Banished a death knight
 17090 | D:11     | Reached XP level 12. HP: 91/110 MP: 17/17
 17254 | D:11     | Found a staircase to the Lair.
 17828 | D:11     | Found Xicid's Antique Armour Shoppe.
 18179 | Lair:1   | Entered Level 1 of the Lair of Beasts
 18419 | Lair:1   | Noticed Britaniac's ghost (novice OgTm)
 18737 | Lair:1   | Killed Britaniac's ghost
 19471 | D:11     | Found Xicid's Antique Armour Shoppe.
 19575 | D:11     | Found a staircase to the Lair.
 19922 | D:11     | Found Xicid's Antique Armour Shoppe.
 20047 | D:11     | Found a staircase to the Lair.
 20575 | Lair:2   | Reached skill level 15 in Long Blades
 21465 | Lair:2   | Found a hole to the Spider Nest.
 21885 | Lair:3   | Got a polished chain mail
 23244 | Lair:4   | Reached skill level 10 in Invocations
 23630 | Lair:4   | Noticed Urug
 24287 | Lair:4   | Reached XP level 13. HP: 111/118 MP: 19/19
 24324 | Lair:4   | Reached skill level 16 in Long Blades
 24841 | Lair:4   | Found a staircase to the Swamp.
 24918 | Lair:4   | Killed Urug
 26121 | Lair:5   | Noticed Nessos
 26578 | Lair:5   | Found a blossoming altar of Fedhas.
 26915 | Lair:5   | Killed Nessos
 26915 | Lair:5   | Reached ****** piety under Lugonu
 26967 | Lair:5   | Found a runed door.
 26967 | Lair:5   | Found a viscous altar of Jiyva.
 26971 | Lair:5   | Found a staircase to the Slime Pits.
 26972 | Lair:5   | Noticed an azure jelly
 27046 | Lair:5   | Reached skill level 17 in Long Blades
 27076 | Lair:5   | Reached skill level 10 in Armour
 28178 | Lair:5   | Found a runed door.
 28178 | Lair:5   | Found a viscous altar of Jiyva.
 28195 | Lair:5   | Found a staircase to the Slime Pits.
 28296 | Lair:6   | Entered Level 6 of the Lair of Beasts
 28602 | Lair:6   | Reached XP level 14. HP: 121/129 MP: 21/21
 29319 | Lair:6   | Identified the +0 chain mail "Kafuymma" {rPois} (You found it on level 3 of the Lair of Beasts)
 30010 | Lair:6   | Reached skill level 18 in Long Blades
 30704 | Lair:6   | Got a steaming lapis lazuli ring
 30938 | Orc:1    | Entered Level 1 of the Orcish Mines
 30977 | Orc:1    | Noticed an orc warlord
 30978 | Orc:1    | Banished an orc warlord
 31129 | Orc:2    | Entered Level 2 of the Orcish Mines
 31129 | Orc:2    | Found Japaent's Jewellery Boutique.
 31377 | Orc:2    | Bought the ring "Gucuttu" {rElec rF+ MR+ AC+2 Dex+4} for 540 gold pieces
 32487 | Orc:2    | Found Mevvej's Food Shop.
 33727 | Orc:2    | Found Uliuxir's Jewellery Shop.
 33797 | Orc:2    | Found Otreogg's Weapon Shoppe.
 33803 | Orc:2    | Found Zebluf Unwes's Gadget Boutique.
 33884 | Orc:2    | Noticed microfolk's ghost (adept KoBe)
 34138 | Orc:2    | Banished microfolk's ghost
 34299 | Orc:2    | Found a staircase to the Elven Halls.
 35332 | Orc:2    | Reached XP level 15. HP: 87/139 MP: 23/23
 35786 | Orc:2    | Bought a +0 great sword for 117 gold pieces
 36827 | D:13     | Found Jeizudd's Jewellery Boutique.
 36835 | D:13     | Reached skill level 10 in Dodging
 37123 | D:13     | Identified the ring of Untruth {Ice Str+2 Int+4} (You found it on level 6 of the Lair of Beasts)
 37646 | D:13     | Reached skill level 15 in Fighting
 37948 | D:14     | Noticed Frances
 37949 | D:14     | Noticed Azrael
 37972 | D:14     | Killed Frances
 37988 | D:14     | Killed Azrael
 38051 | D:14     | Found a frozen archway.
 38081 | IceCv    | Entered an ice cave
 39398 | IceCv    | Reached skill level 19 in Long Blades
 39786 | IceCv    | Noticed a frost giant
 40545 | IceCv    | Killed a frost giant
 40835 | IceCv    | Got a scintillating silver ring
 40896 | D:14     | Found a portal to a secret trove of treasure.
 41320 | D:14     | Identified the ring of Opoed {+Blink rC- Str+2 Stlth+} (You found it in an ice cave)
 42292 | D:14     | Found a gate to the Vaults.
 42506 | D:14     | Found a burning altar of Makhleb.
 42920 | D:15     | Entered Level 15 of the Dungeon
 42993 | D:15     | Noticed Kirke
 43323 | D:14     | Killed Kirke
 44064 | D:15     | Reached XP level 16. HP: 116/151 MP: 24/24
 44566 | D:15     | Noticed Roxanne
 44770 | D:15     | Reached skill level 20 in Long Blades
 45358 | D:15     | Found a staircase to the Depths.
 45802 | Swamp:1  | Entered Level 1 of the Swamp
 45802 | Swamp:1  | Noticed a tentacled monstrosity
 45815 | Swamp:1  | Killed a tentacled monstrosity
 46558 | Swamp:1  | Learned a level 1 spell: Apportation
 46560 | Swamp:1  | Learned a level 1 spell: Summon Butterflies
 48836 | Swamp:3  | Noticed Bai Suzhen
 50220 | Swamp:4  | Entered Level 4 of the Swamp
 50458 | Swamp:4  | Reached skill level 15 in Armour
 50480 | Swamp:4  | Paralysed by a hornet for 3 turns
 50941 | Swamp:4  | Noticed a thorn hunter
 51009 | Swamp:3  | HP: 7/155 [alligator[a spriggan druid] (19)]
 51010 | Swamp:3  | Killed from afar by a spriggan druid

Skill      XL: |  1  2  3  4  5  6  7  8  9 10 11 12 13 14 15 16 |
---------------+-------------------------------------------------+-----
Invocations    | 2 3 4 5 6 7 9 10 11 12 | 12.9
Long Blades    | 3 4 5 6 7 9 11 12 14 15 17 18 19 20 | 20.0
Fighting       | 4 5 6 7 8 9 11 12 13 14 15 17 | 17.0
Armour         | 3 4 5 6 8 9 10 12 13 15 | 15.1
Dodging        | 2 5 7 8 9 10 11 | 11.4

Action                   |  1- 3 |  4- 6 |  7- 9 | 10-12 | 13-15 | 16-18 || total
-------------------------+-------+-------+-------+-------+-------+-------++-------
Melee: Falchion          |    98 |    92 |   387 |  1202 |    98 |       ||  1877
       Headbutt          |    11 |    15 |    76 |   279 |   414 |   154 ||   949
       Scimitar          |       |       |       |       |   809 |       ||   809
       Great sword       |       |       |       |       |   655 |   490 ||  1145
       Unarmed           |       |       |       |       |     6 |       ||     6
 Fire: Blowgun           |       |    26 |    61 |    20 |       |       ||   107
Invok: Banish            |       |       |     2 |     4 |    19 |    30 ||    55
       Bend Space        |       |       |       |       |     3 |       ||     3
Evoke: Wand              |       |       |       |       |    33 |     1 ||    34
  Use: Scroll            |     4 |     4 |     7 |     5 |     9 |     7 ||    36
       Potion            |       |     1 |       |     2 |     4 |     2 ||     9
 Stab: Paralysed         |       |       |       |       |     6 |       ||     6
       Confused          |       |       |       |       |       |     1 ||     1
  Eat: Chunk             |     4 |     8 |    12 |    25 |    44 |    15 ||   108
       Ration            |       |       |     2 |     6 |     8 |     4 ||    20
Armor: Leather armour    |    18 |       |       |       |       |       ||    18
       Chain mail        |    16 |    58 |   268 |    30 |       |   237 ||   609
       Plate armour      |       |       |       |   406 |       |       ||   406
       Fire dragon scale |       |       |       |    88 |   603 |    42 ||   733
       Skin              |       |       |       |    35 |       |       ||    35
Dodge: Dodged            |    50 |    31 |   149 |   415 |   947 |   337 ||  1929
Block: Buckler           |       |       |     3 |       |       |       ||     3
       Rpst.: Falchion   |    11 |     8 |    29 |   108 |     9 |       ||   165
       Scimitar          |       |       |       |       |   125 |       ||   125
       Great sword       |       |       |       |       |    86 |    72 ||   158
